 Dungeon Crawl Stone Soup version 0.29.1-2-gbd0b4ee654 (webtiles) character file.

Game seed: 3539068169397523053

63578 mydica the Warrior (level 15, -7/144 HPs)
             Began as a Hill Orc Fighter on Nov 26, 2022.
             Was an Elder of the Shining One.
             Mangled by a spriggan berserker
             ... wielding a +2 antimagic broad axe
              (34 damage)
             ... on level 15 of the Dungeon.
             The game lasted 02:42:22 (22609 turns).

mydica the Warrior (Hill Orc Fighter)              Turns: 22609, Time: 02:42:22

Health: -7/144     AC: 23    Str: 37    XL:     15   Next: 10%
Magic:  0/22       EV: 13    Int: 11    God:    the Shining One [****..]
Gold:   282        SH: 10    Dex: 14    Spells: 20/20 levels left

rFire   + . .      SeeInvis .   A - +8 trident of the Octopus King {venom, rElec rPois}
rCold   + + .      Faith    .   K - +4 buckler "Antayk" {Str+4 Int+3}
rNeg    + + +      Spirit   .   G - +7 chain mail {rF+}
rPois   +          Reflect  .   (no helmet)
rElec   +          Harm     .   C - +0 cloak of Fashionability {rC+}
rCorr   .          Rampage  .   (no gloves)
Will    +....                   j - +2 pair of boots
Stlth   ..........              r - amulet of regeneration
HPRegen 1.14/turn               p - +6 ring of strength
MPRegen 0.18/turn               q - ring "Xieboy" {rPois rC+ rN+ Dex+4 Slay+2}

@: glowing
A: no striking features
a: Renounce Religion, Divine Shield, Cleansing Flame


You were on level 15 of the Dungeon.
You worshipped the Shining One.
The Shining One was greatly pleased with you.
You visited 5 branches of the dungeon, and saw 21 of its levels.
You also visited: Ossuary.

You collected 1234 gold pieces.
You spent 952 gold pieces at shops.

Inventory:

Hand Weapons
 A - the +8 trident of the Octopus King (weapon) {venom, rElec rPois}
   (You found it on level 3 of the Dungeon)

   It poisons the flesh of those it strikes.
   rElec:     It insulates you from electricity.
   rPois:     It protects you from poison.
Missiles
 w - 17 poisoned darts
 x - 195 stones
 R - 4 silver javelins
 W - 5 boomerangs of dispersal
Armour
 c - the +4 ring mail of Agoraphobia {rElec rN++ Str+5}
   (You found it on level 1 of the Lair of Beasts)

   Str:       It affects your strength (+5).
   rElec:     It insulates you from electricity.
   rN:        It greatly protects you from negative energy.
 j - a +2 pair of boots (worn)
 C - the +0 cloak of Fashionability (worn) {rC+}
   (You acquired it on level 15 of the Dungeon)

   rC:        It protects you from cold.
 G - a +7 chain mail of fire resistance (worn)
 K - the +4 buckler "Antayk" (worn) {Str+4 Int+3}
   (You bought it in a shop on level 13 of the Dungeon)

   Str:       It affects your strength (+4).
   Int:       It affects your intelligence (+3).
Jewellery
 g - the ring of Thoughtfulness {rElec rN+ EV+4 Str+2}
   (You found it on level 2 of the Lair of Beasts)

   [ring of evasion]

   EV:        It affects your evasion (+4).
   Str:       It affects your strength (+2).
   rElec:     It insulates you from electricity.
   rN:        It protects you from negative energy.
 h - a ring of see invisible
 p - a +6 ring of strength (left hand)
 q - the ring "Xieboy" (right hand) {rPois rC+ rN+ Dex+4 Slay+2}
   (You found it on level 1 of the Lair of Beasts)

   [ring of positive energy]

   Dex:       It affects your dexterity (+4).
   Slay:      It affects your accuracy & damage with ranged weapons and melee
   (+2).
   rC:        It protects you from cold.
   rPois:     It protects you from poison.
   rN:        It protects you from negative energy.
 r - an amulet of regeneration (around neck)
 y - an amulet of guardian spirit
 I - an amulet of faith
 L - the ring "Oragajep" {*Corrode rC+ MP+9 Str+6 Int+4}
   (You found it on level 15 of the Dungeon)

   [ring of strength]

   Str:       It affects your strength (+6).
   Int:       It affects your intelligence (+4).
   rC:        It protects you from cold.
   MP:        It affects your magic capacity (+9).
   *Corrode:  It may corrode you when you take damage.
 Q - a +4 ring of evasion
 X - a ring of willpower
Wands
 a - a wand of polymorph (10)
 b - a wand of quicksilver (12)
 o - a wand of flame (34) (quivered)
 P - a wand of iceblast (18)
 S - a wand of charming (27)
 T - a wand of digging (3)
Scrolls
 k - 4 scrolls of magic mapping
 l - a scroll of amnesia {unknown}
 m - 2 scrolls of brand weapon {unknown}
 n - 6 scrolls of enchant weapon
 s - 2 scrolls of fear
 t - 7 scrolls of teleportation
 u - a scroll of silence {unknown}
 D - 3 scrolls of fog
 E - a scroll of torment {unknown}
 H - a scroll of poison
 N - 3 scrolls of blinking
 O - 6 scrolls of summoning
Potions
 d - 6 potions of might
 e - 2 potions of heal wounds
 f - 3 potions of ambrosia
 i - 4 potions of curing
 v - 2 potions of haste
 z - 4 potions of flight
 B - 6 potions of cancellation
 F - 2 potions of berserk rage
 J - a potion of brilliance
 M - 2 potions of resistance
Miscellaneous
 V - a piece from Xom's chessboard (15/15)


   Skills:
 - Level 16.0 Fighting
 - Level 6.0(12.0) Axes
 - Level 13.6(14.0) Polearms
 + Level 10.1 Armour
 - Level 10.0 Dodging
 - Level 10.0 Shields
 - Level 3.1 Spellcasting
 - Level 10.0 Invocations


You had 20 spell levels left.
You didn't know any spells.
Your spell library contained the following spells:

 Spells                   Type           Power      Damage    Failure   Level
 Apportation              Tloc           2%         N/A       67%         1
 Necrotise                Necr           4%         1d4       67%         1
 Sandblast                Erth           2%         2d4       67%         1
 Slow                     Hex            4%         N/A       67%         1
 Summon Small Mammal      Summ           4%         N/A       67%         1
 Blink                    Tloc           2%         N/A       82%         2
 Ensorcelled Hibernation  Hex/Ice        2%         N/A       82%         2
 Passwall                 Tmut/Erth      0%         N/A       82%         2
 Call Canine Familiar     Summ           1%         N/A       96%         3
 Confusing Touch          Hex            1%         N/A       96%         3
 Inner Flame              Hex/Fire       1%         N/A       96%         3
 Stone Arrow              Conj/Erth      2%         3d7       96%         3
 Summon Guardian Golem    Hex/Summ       1%         N/A       96%         3
 Swiftness                Air            1%         N/A       96%         3
 Vampiric Draining        Necr           1%         2d6       96%         3
 Cause Fear               Hex            0%         N/A       100%        4
 Manifold Assault         Tloc           1%         N/A       100%        5
 Orb of Destruction       Conj           0%         9d5       100%        7
 Spellforged Servitor     Conj/Summ      0%         N/A       100%        7
 Storm Form               Tmut/Air       0%         N/A       100%        7
 Discord                  Hex            0%         N/A       100%        8


Dungeon Overview and Level Annotations

Branches:
Dungeon (15/15)            Temple (1/1) D:5            Lair (3/5) D:10
 Shoals (1/4) Lair:2       Spider (1/4) Lair:2          Orc (0/2) D:12
 Vaults (0/5) D:14        Ossuary (visited)
 Depths: D:15

Altars:
Ashenzari
Cheibriados
Dithmenos
Elyvilon
Fedhas
Gozag
Hepliaklqana
Kikubaaqudgha
Makhleb
Nemelex Xobeh
Okawaru
Qazlal
Ru
Sif Muna
Trog
Uskayaw
Vehumet
Wu Jian
Xom
Yredelemnul
Zin
The Shining One

Shops:
D:1 (=(   D:9 ?   D:13 [   D:15 (!   Shoals:1 (

Portals:
Trove: D:10 (give +4 fire dragon scales)

Annotations:
D:6 1 runed translucent door, Pug's ghost, novice NaBe
D:11 2 runed translucent doors, funnyparkerb's ghost, journeyman DjFE
Shoals:1 1 runed translucent door, Jingleheimer's ghost, journeyman TrFi


Message History

The spriggan rider looks as sick as possible!
The spriggan rider is moderately wounded.
The spriggan rider closely misses you.
You reach to attack!
The spriggan rider blocks your attack.
The spriggan rider is heavily wounded.
The spriggan berserker prays to Trog.
The spriggan berserker goes berserk!
A yaktaur comes into view.
The spriggan rider barely misses you. The spriggan rider closely misses you.
You reach to attack!
You barely miss the spriggan rider.
The spriggan rider is severely wounded.
You puncture the spriggan berserker!
The spriggan berserker is poisoned.
The spriggan berserker is lightly wounded.
The spriggan berserker closely misses you.
The spriggan rider hits you but does no damage. x2
The spriggan rider hits you from afar with a +0 spear!
You barely miss the spriggan berserker.
The spriggan berserker is lightly wounded.
The spriggan berserker hits you with a +2 antimagic broad axe!!!
You feel your power leaking away.
The spriggan rider hits you but does no damage. x2
The spriggan rider hits you from afar with a +0 spear.
You are too injured to fight recklessly!
You are too injured to fight recklessly!
You are too injured to fight recklessly!
Unknown command.
You kill the spriggan!
The spriggan berserker hits you with a +2 antimagic broad axe!!
* * * LOW HITPOINT WARNING * * *
You feel your power leaking away.
The spriggan berserker hits you with a +2 antimagic broad axe.
* * * LOW HITPOINT WARNING * * *
You block the spriggan rider's attack. The spriggan rider closely misses you.
You see here a +0 arbalest.
The spriggan berserker hits you but does no damage.
You block the spriggan rider's attack. The spriggan rider closely misses you.
There is an open door, spattered with blood here.
The spriggan berserker attacks as you move away!
The spriggan berserker hits you with a +2 antimagic broad axe!!
You die...

#∩..#..........
#...#.#........
#...+...#......#
##).#.....#.....#######
####.......#....#.†.<#
#............#..).#
##...........'.<.##
###....#.....##..#
#)@.....#.....#+##
#ii#..............+
#.yi##+#.....#.....##
#(... ##.....#.....#
##=.. #...~~.#.....
##..# ##..~~~.#)...
#### ##.~~~......
#.......... ###.....#..


You could see 2 spriggan riders, a spriggan berserker (berserk, very poisoned)
and a hornet (very poisoned).

Vanquished Creatures
  A fenstrider witch (D:13)
  An ettin (D:14)
  3 great orbs of eyes (D:15)
  A salamander tyrant (D:15)
  3 vault guards (D:15)
  2 hydras
  A merfolk avatar (Shoals:1)
  A boulder beetle (D:14)
  4 two-headed ogres
  2 ogre magi (D:13)
  5 centaur warriors
  Urug (D:11)
  3 tengu warriors
  A sea snake (Shoals:1)
  A lindwurm (shapeshifter) (D:14)
  3 harpies (Shoals:1)
  A wizard (D:14)
  A necromancer (D:14)
  A lindwurm (D:14)
  Pikel (D:5)
  2 wolf spiders
  A cyclops (D:13)
  6 manticores
  3 ugly things (D:15)
  Maurice (D:8)
  2 black mambas
  An elephant (D:10)
  3 merfolk sirens (Shoals:1)
  5 cane toads
  A yaktaur (D:15)
  A rime drake (Lair:1)
  7 komodo dragons (Lair:2)
  An efreet (D:15)
  A freezing wraith (D:15)
  A wind drake (shapeshifter) (D:15)
  3 merfolk (Shoals:1)
  A queen bee (D:12)
  A polar bear (Lair:2)
  3 meliai (D:13)
  6 trolls
  2 wind drakes
  6 slime creatures
  5 hornets
  Grinder (D:2)
  5 snapping turtles (Shoals:1)
  A blink frog (Lair:2)
  A dream sheep (Lair:2)
  Sigmund (D:2)
  3 water elementals
  29 yaks
  3 wyverns
  A centaur simulacrum (D:15)
  A culicivora (Spider:1)
  A spriggan (D:15)
  5 basilisks
  A wraith (D:10)
  Grum (D:8)
  A human (shapeshifter) (D:14)
  2 steam dragons
  9 vampire mosquitoes
  4 wargs (D:12)
  An acid dragon (D:11)
  25 water moccasins
  2 floating eyes (D:13)
  3 ice beasts
  3 orc warriors
  A sky beast (D:7)
  6 black bears
  5 centaurs
  4 ogres
  10 wolves
  9 bullfrogs
  A necrophage (D:7)
  10 scorpions
  14 wights
  33 killer bees
  6 howler monkeys
  5 electric eels
  2 centaur zombies (Ossuary)
  8 orc priests
  5 jellies
  5 hounds
  A gnoll bouda (D:6)
  4 scorpion zombies (Ossuary)
  Natasha (thrice) (D:3)
  6 iguanas
  8 orc wizards
  3 mummies (Ossuary)
  Robin (D:3)
  23 adders
  3 gnolls (D:6)
  2 ufetubi
  3 worms
  5 dart slugs
  27 orcs
  5 ball pythons
  4 bats
  7 endoplasms
  3 giant cockroaches
  5 gnoll zombies (Ossuary)
  12 hobgoblins
  4 jackals (D:4)
  2 quokkas
  2 frilled lizards
  13 goblins
  3 goblin zombies (Ossuary)
  2 hobgoblin zombies (Ossuary)
  8 kobolds
  5 kobold zombies (Ossuary)
  An orc zombie (Ossuary)
  4 rats
  A spectral orc (D:14)
498 creatures vanquished.

Vanquished Creatures (collateral kills)
  An ogre mage (D:13)
  2 centaur warriors
  A two-headed ogre (D:14)
  A cyclops (D:14)
  A manticore (D:14)
  A gargoyle (D:13)
  An unseen horror (D:13)
  A wraith (D:14)
  A basilisk (shapeshifter) (D:13)
  3 vampire mosquitoes (D:13)
  4 centaurs (D:13)
17 creatures vanquished.

Vanquished Creatures (others)
  A jumping spider (Spider:1)
  94 plants
  7 tentacles (Shoals:1)
  2 withered plants (Shoals:1)
104 creatures vanquished.

Grand Total: 619 creatures vanquished

Notes
Turn   | Place    | Note
-------+----------+-------------------------------------------
     0 | D:1      | mydica the Hill Orc Fighter began the quest for the Orb.
     0 | D:1      | Reached XP level 1. HP: 19/19 MP: 1/1
    61 | D:1      | Found Lurruju's Jewellery Shoppe.
   113 | D:1      | Found a faded altar of an unknown god.
   141 | D:1      | Reached skill level 4 in Fighting
   331 | D:1      | Reached XP level 2. HP: 27/27 MP: 2/2
   333 | D:1      | Found Bije's Antique Weapon Boutique.
   949 | D:1      | Reached XP level 3. HP: 34/34 MP: 3/3
  1279 | D:1      | Found Doqocw's Weapon Shoppe.
  1672 | D:2      | Reached XP level 4. HP: 35/41 MP: 4/4
  1930 | D:2      | Noticed Sigmund
  2080 | D:2      | Killed Sigmund
  2081 | D:2      | Reached skill level 5 in Fighting
  2081 | D:2      | Reached XP level 5. HP: 35/48 MP: 5/5
  2081 | D:2      | Reached XP level 6. HP: 41/56 MP: 6/6
  2661 | D:3      | Noticed Grinder
  2661 | D:3      | Found the +8 trident of the Octopus King {venom, rElec
                  | rPois}
  3003 | D:3      | Noticed Robin
  3013 | D:3      | Killed Robin
  3276 | D:3      | Noticed Natasha
  3279 | D:3      | Killed Natasha
  3345 | D:3      | Noticed Natasha
  3350 | D:3      | Killed Natasha
  3386 | D:3      | Noticed Natasha
  3420 | D:3      | Killed Natasha
  3421 | D:3      | Reached skill level 5 in Armour
  3591 | D:3      | Found a glowing golden altar of the Shining One.
  3600 | D:3      | Became a worshipper of the Shining One
  3832 | D:4      | Reached XP level 7. HP: 61/61 MP: 7/7
  3853 | D:4      | Reached skill level 5 in Shields
  4700 | D:5      | Entered Level 5 of the Dungeon
  4914 | D:5      | Found a burning altar of Makhleb.
  5031 | D:5      | Found a staircase to the Ecumenical Temple.
  5038 | Temple   | Entered the Ecumenical Temple
  5310 | D:5      | Reached skill level 5 in Polearms
  5319 | D:5      | Found a shimmering blue altar of Sif Muna.
  5367 | D:5      | Reached XP level 8. HP: 68/68 MP: 8/8
  5408 | D:5      | Reached * piety under the Shining One
  5543 | D:5      | Noticed Pikel
  5605 | D:5      | Killed Pikel
  5893 | D:5      | Reached skill level 1 in Invocations
  6185 | D:6      | Reached XP level 9. HP: 58/74 MP: 9/11
  6531 | D:6      | Reached skill level 10 in Polearms
  6725 | D:6      | Found a runed translucent door.
  6725 | D:6      | Noticed Pug's ghost (novice NaBe)
  6842 | D:6      | Identified the +7 mace of Atocloz {vorpal, Dex+3}
  6845 | D:6      | Found an ancient bone altar of Kikubaaqudgha.
  6852 | D:6      | Identified the +0 leather armour "Texupevo" {rPois Regen+
                  | Stlth-}
  6899 | D:6      | Reached ** piety under the Shining One
  7261 | D:2      | Killed Grinder
  7310 | D:1      | Bought a +6 ring of strength for 360 gold pieces
  7537 | D:7      | Reached skill level 5 in Invocations
  7694 | D:7      | Reached XP level 10. HP: 68/81 MP: 13/13
  7770 | D:7      | Found a sand-covered staircase.
  7781 | Ossuary  | Entered an ossuary
  7893 | Ossuary  | Reached *** piety under the Shining One
  8076 | Ossuary  | Reached **** piety under the Shining One
  8354 | D:7      | Found an opulent altar of Gozag.
  8816 | D:8      | Found a shimmering altar of Xom.
  8844 | D:8      | Noticed Maurice
  8866 | D:8      | Killed Maurice
  9363 | D:8      | Noticed Grum
  9378 | D:8      | Reached skill level 6 in Fighting
  9411 | D:8      | Killed Grum
 10151 | D:9      | You fall into a shaft and drop 3 floors!
 10162 | D:12     | Reached skill level 7 in Fighting
 10162 | D:12     | Reached XP level 11. HP: 92/92 MP: 17/17
 10171 | D:12     | Found a staircase to the Orcish Mines.
 10214 | D:12     | Reached skill level 8 in Fighting
 10581 | D:10     | Entered Level 10 of the Dungeon
 10788 | D:9      | Reached skill level 9 in Fighting
 11011 | D:9      | Found Couf's Magic Scroll Shoppe.
 11025 | D:9      | Bought a scroll of identify for 20 gold pieces
 11025 | D:9      | Bought a scroll of enchant armour for 75 gold pieces
 11025 | D:9      | Bought a scroll of identify for 20 gold pieces
 11025 | D:9      | Bought a scroll of enchant weapon for 75 gold pieces
 11208 | D:9      | Reached skill level 10 in Fighting
 11879 | D:10     | Found a staircase to the Lair.
 11926 | D:10     | Noticed a two-headed ogre
 11936 | D:10     | Killed a two-headed ogre
 12006 | D:10     | Reached ***** piety under the Shining One
 12153 | D:10     | Found a portal to a secret trove of treasure.
 12248 | D:10     | Noticed a two-headed ogre
 12258 | D:10     | Killed a two-headed ogre
 12608 | D:11     | Noticed a two-headed ogre
 12616 | D:11     | Killed a two-headed ogre
 12617 | D:11     | Reached XP level 12. HP: 99/106 MP: 14/19
 13065 | D:11     | Noticed funnyparkerb's ghost (journeyman DjFE)
 13066 | D:11     | Noticed a lich
 13067 | D:11     | Noticed a centaur warrior
 13135 | D:11     | Found a runed translucent door.
 13139 | D:11     | Found a runed translucent door.
 13147 | D:11     | Noticed a sphinx
 13164 | D:11     | Noticed Urug
 13179 | D:11     | Killed Urug
 13357 | D:11     | Noticed an eight-headed hydra
 13374 | D:11     | Killed an eight-headed hydra
 14510 | D:12     | Identified the +6 flail "Tamozxa" {flame, rF- Will+ Stlth+}
 14938 | Lair:1   | Entered Level 1 of the Lair of Beasts
 15094 | Lair:1   | Identified the +1 war axe "Roisyur" {venom, rElec rC+ Int-2
                  | SInv}
 15234 | Lair:1   | Reached skill level 10 in Shields
 15304 | Lair:1   | Identified the +4 ring mail of Agoraphobia {rElec rN++
                  | Str+5}
 15399 | Lair:1   | Reached skill level 10 in Invocations
 15530 | Lair:1   | Identified the ring "Xieboy" {rPois rC+ rN+ Dex+4 Slay+2}
 15586 | Lair:1   | Reached skill level 10 in Armour
 15597 | Lair:1   | Reached skill level 1 in Dodging
 16067 | Lair:2   | Reached XP level 13. HP: 82/113 MP: 13/20
 16231 | Lair:2   | Found a staircase to the Shoals.
 16319 | Lair:2   | Found a hole to the Spider Nest.
 16381 | Lair:2   | Reached skill level 5 in Dodging
 17025 | Lair:2   | Identified the ring of Thoughtfulness {rElec rN+ EV+4
                  | Str+2}
 17814 | Spider:1 | Entered Level 1 of the Spider Nest
 18155 | Shoals:1 | Entered Level 1 of the Shoals
 18169 | Shoals:1 | Reached skill level 11 in Fighting
 18403 | Shoals:1 | Reached skill level 12 in Fighting
 18969 | Shoals:1 | Reached skill level 13 in Fighting
 19248 | Shoals:1 | Found Zaxa's Antique Weapon Boutique.
 19327 | Shoals:1 | Found a runed translucent door.
 19329 | Shoals:1 | Noticed Jingleheimer's ghost (journeyman TrFi)
 19451 | Shoals:1 | Noticed a kraken
 19713 | D:13     | Paralysed by a floating eye for 4 turns
 19719 | D:13     | Reached skill level 14 in Fighting
 19719 | D:13     | Reached XP level 14. HP: 114/132 MP: 21/21
 19719 | D:13     | Noticed a fenstrider witch
 19720 | D:13     | Paralysed by a floating eye for 2 turns
 19729 | D:13     | Paralysed by a fenstrider witch for 2 turns
 19737 | D:13     | Paralysed by a floating eye for 4 turns
 19744 | D:13     | Paralysed by a floating eye for 4 turns
 19753 | D:13     | Paralysed by an ogre mage for 4 turns
 19765 | D:13     | Paralysed by an ogre mage for 5 turns
 19879 | D:13     | Killed a fenstrider witch
 19880 | D:13     | Reached skill level 15 in Fighting
 20390 | D:13     | Found Feituwoc's Antique Armour Shoppe.
 20402 | D:13     | Bought a faintly humming buckler for 237 gold pieces
 20402 | D:13     | Identified the +4 buckler "Antayk" {Str+4 Int+3} (You
                  | bought it in a shop on level 13 of the Dungeon)
 20981 | D:14     | Reached skill level 16 in Fighting
 21632 | D:14     | Found a gate to the Vaults.
 21745 | D:14     | Found a hazy altar of Hepliaklqana.
 21927 | D:15     | Entered Level 15 of the Dungeon
 22228 | D:15     | Found Wuwus's Distillery.
 22255 | D:15     | Bought a potion of curing for 45 gold pieces
 22255 | D:15     | Bought a potion of curing for 45 gold pieces
 22255 | D:15     | Bought a potion of heal wounds for 75 gold pieces
 22257 | D:15     | Identified a scroll of acquirement
 22259 | D:15     | Acquired the +0 cloak of Fashionability {rC+}
 22318 | D:15     | Reached skill level 10 in Dodging
 22328 | D:15     | Reached skill level 1 in Spellcasting
 22339 | D:15     | Reached XP level 15. HP: 90/144 MP: 20/22
 22352 | D:15     | Identified the ring "Oragajep" {*Corrode rC+ MP+9 Str+6
                  | Int+4}
 22428 | D:15     | Found Zeabbai's Antique Weapon Shop.
 22542 | D:15     | Identified the +6 falchion of Destiny {vorpal, Str+4}
 22609 | D:15     | Mangled by a spriggan berserker

Illustrated notes

Levels and vault maps discovered:
D:1:      sevenhm_arrival_forest_fort_small_3, layout_basic, serial_shops,
          nicolae_shop_waterfront, nicolae_shop_trees, nicolae_shop_waterfront,
          shapermc_ecumenical_altar_totnotflames
D:2:      layout_rooms, uniq_sigmund
D:3:      layout_rooms, nicolae_tso_swordbearing_angel, uniq_robin,
          uniq_natasha, uniq_grinder
D:4:      layout_basic, cheibrodos_sewer_entry_sluice, minivault_4
D:5:      layout_gridville, lemuel_tele_altar, general_overflow_altar,
          minmay_temple_entry_nine_rooms, uniq_pikel
D:6:      layout_basic, old_standard_altar, hellmonk_ghost_happy_afterlife
D:7:      layout_gridville, nicolae_gozag_seed_capital,
          nicolae_ossuary_entry_ruins
D:8:      layout_basic, brannock_xom_greatest_gift, hex_tiny,
          serial_bayou_lagoon_a, minmay_misc_feat_doors, uniq_grum, uniq_maurice
D:9:      layout_irregular_city, serial_shops, shop, nicolae_elevator_lobby_plus
D:10:     layout_basic, david_lair_generic, nicolae_trove_entry_crystal
D:11:     layout_loops_corners, muffindrake_ghost_dual_entry, uniq_urug
D:12:     layout_gridville, minmay_orc_entry_guard_dogs,
          nicolae_looking_at_the_future
D:13:     hellmonk_paralyzer, layout_stronghold, serial_shops, shop
D:14:     layout_basic, david_vaults_4, nicolae_hepliaklqana_monster_ancestors
D:15:     hangedman_spin_cycle
Temple:   eino_temple_scatter_basement
Lair:1:   lemuel_reptile_caves, layout_misc_corridors,
          infiniplex_staircase_pool, lemuel_fruit_tree, lemuel_fruit_fields,
          grunt_megastairs_2
Lair:2:   nzn_winding_woodlands_medium [nzn_winding_woodlands_5x5_perimeter,
          nzn_winding_woodlands_5x15_pathside_ponds,
          nzn_winding_woodlands_5x5_three, nzn_winding_woodlands_hourglass,
          nzn_winding_woodlands_center_garden,
          nzn_winding_woodlands_5x5_checkerboard,
          nzn_winding_woodlands_5x5_open_star,
          nzn_winding_woodlands_5x15_lazy_stream,
          nzn_winding_woodlands_5x5_closed_star], layout_big_grid,
          minmay_shoals_entry_beasts, spider_nest_entry_web_field
Lair:3:   minmay_lair_oklob_tunnel, layout_regular_city,
          grunt_forest_stairs_clearing, serial_bayou_shore_a
Shoals:1: layout_shoals, gammafunk_ghost_grave, serial_shops, shop
Spider:1: layout_spider_delve, nicolae_spider_spiderdrome, uniq_azrael

Skill      XL: |  1  2  3  4  5  6  7  8  9 10 11 12 13 14 15 |
---------------+----------------------------------------------+-----
Fighting       | 4 5 7 10 14 16 | 16.0
Axes           | 3 4 6 |  6.0
Armour         | 4 5 7 10 | 10.1
Shields        | 4 5 7 10 | 10.0
Polearms       | 5 9 12 13 | 13.6
Invocations    | 2 5 8 9 10 | 10.0
Dodging        | 4 7 10 | 10.0
Spellcasting   | 1 3 |  3.1

Action                   |  1- 3 |  4- 6 |  7- 9 | 10-12 | 13-15 || total
-------------------------+-------+-------+-------+-------+-------++-------
Melee: War axe           |    95 |    96 |       |       |       ||   191
       Trident           |       |    25 |   186 |   691 |   599 ||  1501
Invok: Divine Shield     |       |       |     2 |     7 |    11 ||    20
       Summon Divine War |       |       |       |       |     5 ||     5
       Cleansing Flame   |       |       |       |       |     1 ||     1
Evoke: Wand              |       |       |       |    13 |    13 ||    26
  Use: Potion            |       |     2 |     1 |     3 |     7 ||    13
       Scroll            |       |     1 |     5 |    14 |    17 ||    37
Armor: Scale mail        |    22 |       |       |       |       ||    22
       Chain mail        |       |    59 |    39 |   214 |   210 ||   522
Dodge: Dodged            |    58 |    39 |    21 |   190 |   173 ||   481
Block: Buckler           |    29 |    28 |    10 |       |   120 ||   187
       Kite shield       |       |       |    31 |   374 |   256 ||   661
